 Dungeon Crawl Stone Soup version 0.25-a0-589-g1e14c549ee (webtiles) character file.

Game seed: 6600403147374288091, levelgen mode: deterministic

229 Kohma the Insei (level 6, -5/42 HPs)
             Began as an Octopode Transmuter on Mar 9, 2020.
             Slain by a river rat (10 damage)
             ... in a sewer.
             The game lasted 00:09:29 (2932 turns).

Kohma the Insei (Octopode Transmuter)               Turns: 2932, Time: 00:09:29

Health: -5/42      AC:  1    Str:  9    XL:     6   Next: 3%
Magic:  3/9        EV: 13    Int: 17    God:
Gold:   179        SH:  0    Dex: 13    Spells: 3/9 levels left

rFire    . . .     SeeInvis .     - Unarmed
rCold    . . .     Gourm    .   (no shield)
rNeg     . . .     Faith    .   (helmet restricted)
rPois    .         Spirit   .   (no amulet)
rElec    .         Reflect  .   e - ring of stealth
rCorr    .         Harm     .   (no ring)
MR       .....                  (no ring)
Stlth    +++++.....             (no ring)
HPRegen  0.14/turn              (no ring)
MPRegen  0.11/turn              (no ring)
                                (no ring)
                                (no ring)

@: very slightly contaminated
A: almost no armour, stealthy swim, amphibious, 8 rings, constrict 8, camouflage
1, gelatinous body 1
a: no special abilities


You were in a sewer.
You were hungry.

You visited 1 branch of the dungeon, and saw 3 of its levels.
You also visited: Sewer.

You collected 179 gold pieces.

Inventory:

Missiles
 a - 43 arrows
 d - 139 stones
 f - 28 sling bullets
 q - 5 curare-tipped darts (quivered)
Jewellery
 e - a ring of stealth (left tentacle)
 m - a +2 ring of dexterity {unknown}
 n - a +2 ring of strength {unknown}
 p - an uncursed ring of resist corrosion {unknown}
Wands
 b - a wand of digging (4)
 u - a wand of polymorph (10)
Scrolls
 h - 2 scrolls of enchant armour {unknown}
 i - a scroll of remove curse {unknown}
 l - a scroll of fear {unknown}
 o - a scroll of blinking {unknown}
 s - 2 scrolls of identify {unknown}
 v - 3 scrolls of teleportation {unknown}
Potions
 g - 3 potions of heal wounds {unknown}
 j - 2 potions of curing {unknown}
 k - 2 potions of brilliance {unknown}
 t - a potion of degeneration {unknown}
Comestibles
 c - 5 rations
 r - 9 chunks of flesh


   Skills:
 * Level 3.4 Fighting
 - Level 2.0 Dodging
 - Level 4.1 Stealth
 * Level 4.6 Unarmed Combat
 + Level 2.0 Spellcasting
 + Level 2.0 Transmutations
 + Level 0.0 Poison Magic


You had 3 spell levels left.
You knew the following spells:

 Your Spells              Type           Power        Failure   Level  Hunger
a - Beastly Appendage     Tmut           #.....       9%          1    #......
b - Sticks to Snakes      Tmut           #.......     13%         2    ###....
c - Spider Form           Tmut/Pois      #.........   36%         3    ###....

Your spell library contained the following spells:

 Spells                   Type           Power        Failure   Level  Hunger
 Ice Form                 Ice/Tmut       #.......     77%         4    #####..
 Blade Hands              Tmut           #.........   93%         5    ######.


Dungeon Overview and Level Annotations

Branches:
Dungeon (3/15)              Sewer (1/1)

Altars:
Xom


Innate Abilities, Weirdness & Mutations

You cannot wear most types of armour.
You are very stealthy in the water. (Stealth+)
You are amphibious.
You can wear up to eight rings at the same time.
You can use your tentacles to constrict eight enemies at once.
Your skin changes colour to match your surroundings (Stealth+).
Your rubbery body absorbs attacks. (AC +1, EV +1)


Message History

Your ball python constricts the river rat.
The river rat struggles to escape constriction.
Your ball python bites the river rat but does no damage.
Your ball python constricts the river rat.
The river rat escapes!
Your ball python barely misses the river rat.
Your ball python grabs the river rat.
Your ball python constricts the river rat.
The river rat struggles to escape constriction.
Your ball python barely misses the river rat.
Your ball python constricts the river rat.
Your ball python loses its grip on something.
Casting: Sticks to Snakes (safe; 13% risk of failure)
Confirm with . or Enter, or press ? or * to list all spells.
You miscast Spider Form.
You are very lightly contaminated with residual magic.
You smell something strange.
You are feeling hungry.
The river rat bites you!
You die...

#≈J≈#≈≈#
#r≈≈≈≈≈#
#≈S≈≈≈≈#
#≈≈≈≈≈≈#
#≈≈≈≈≈≈#
#≈r≈≈≈≈#
#≈≈≈≈≈≈#
##r≈..##
#@.....#
#..∩∩..#
#......#
##....##
######


You could see 2 river rats and a friendly ball python.

Vanquished Creatures
  2 orc priests (D:3)
  An orc wizard (D:3)
  Robin (D:3)
  3 adders
  A river rat (D:3)
  An ooze (D:1)
  2 worms
  A dart slug (D:2)
  2 leopard geckos (D:2)
  6 orcs (D:3)
  3 ball pythons
  A giant cockroach (D:1)
  10 goblins
  8 hobgoblins
  9 kobolds
  A quokka (D:2)
  2 bats
  2 frilled lizards
  5 rats
61 creatures vanquished.

Vanquished Creatures (collateral kills)
  2 adders
  A worm (D:2)
  A giant cockroach (D:2)
  5 goblins (D:3)
  2 kobolds (D:3)
  2 bats
  A butterfly (D:2)
14 creatures vanquished.

Grand Total: 75 creatures vanquished

Notes
Turn   | Place    | Note
-------+----------+-------------------------------------------
     0 | D:1      | Kohma the Octopode Transmuter began the quest for the Orb.
     0 | D:1      | Reached XP level 1. HP: 13/13 MP: 3/3
   276 | D:1      | Reached XP level 2. HP: 12/18 MP: 1/5
   280 | D:1      | Learned a level 2 spell: Sticks to Snakes
   892 | D:1      | Reached skill level 1 in Stealth
   952 | D:1      | Reached XP level 3. HP: 18/24 MP: 4/6
   957 | D:1      | Learned a level 3 spell: Spider Form
  1535 | D:2      | Reached XP level 4. HP: 12/30 MP: 2/7
  2049 | D:2      | Found a shimmering altar of Xom.
  2459 | D:3      | Reached XP level 5. HP: 20/36 MP: 4/8
  2538 | D:3      | Noticed Robin
  2649 | D:3      | Killed Robin
  2755 | D:3      | Found a glowing drain.
  2763 | D:3      | Reached XP level 6. HP: 24/42 MP: 6/9
  2772 | Sewer    | Entered a sewer
  2932 | Sewer    | Slain by a river rat

Levels and vault maps discovered:
D:1:      scummos_arrival_simple_fountains, layout_basic, minmay_misc_feat_tower
D:2:      layout_basic, xom_butterflies, hex_intersection,
          minmay_fractal_squares_gapless_5
D:3:      layout_rooms, okawaru_altar_gauntlet_db, portal_sewer_entry_b,
          first_ration, uniq_robin
Sewer:    sewer_minmay_w

Skill      XL: |  1  2  3  4  5 |
---------------+----------------+-----
Stealth        | 1 2 3 4 |  4.1
Fighting       | 2 3 |  3.4
Unarmed Combat | 4 |  4.6
Dodging        | |  2.0
Spellcasting   | |  2.0
Transmutations | |  2.0

Action                   |  1- 3 |  4- 6 || total
-------------------------+-------+-------++-------
Melee: Unarmed           |    66 |    72 ||   138
       Kick              |    14 |    21 ||    35
       Tentacles         |     6 |    13 ||    19
       Punch             |     2 |     4 ||     6
       Constrict         |    17 |    23 ||    40
Throw: Dart              |       |     6 ||     6
 Cast: Beastly Appendage |    18 |    16 ||    34
       Sticks to Snakes  |     4 |    16 ||    20
 Stab: Sleeping          |     8 |     1 ||     9
       Distracted        |       |     1 ||     1
  Eat: Chunk             |     2 |     6 ||     8
Armor: Skin              |     3 |     7 ||    10
Dodge: Dodged            |    39 |    62 ||   101

Table legend:
 A = Non-vault XP
 B = Vault XP
 C = Vault XP percentage of total XP
 D = Non-vault monster count
 E = Vault monster count
 F = Vault count percentage of total count
                 A         B        C        D         E       F
            +---------+---------+-------+---------+---------+-------
      Total |     265 |      63 |  19.2 |      57 |      17 |  23.0
            +---------+---------+-------+---------+---------+-------
        D:1 |      36 |       0 |   0.0 |      19 |       0 |   0.0
        D:2 |      61 |      20 |  24.7 |      20 |       4 |  16.7
        D:3 |     168 |      43 |  20.4 |      18 |      13 |  41.9
            +---------+---------+-------+---------+---------+-------
